Map: Kairos Junction LE

Players

luckeri

  • Race: Terran Terran
  • League: Master
  • Spawn Location: 11:00

Mez - Winner!

  • Race: Terran Terran
  • League: Master
  • Spawn Location: 5:00

VOD

Have the link to the VOD?

Description

Time

  • Played on: Aug. 10, 2019, 3:51 p.m.
  • Length: 13:56
Show
View Real Time Build Order
Export as new Build Order

luckeri Terran 

Build Orders:  

Get SALT Encoding   

  12  0:01  SCV  
  13  0:13  SCV  
  14  0:17  Supply Depot  
  14  0:25  SCV  
  15  0:38  SCV  
  15  0:40  Barracks  
  16  0:47  Refinery  
  16  0:50  SCV  
  17  1:02  SCV  
  18  1:15  SCV  
  19  1:27  Orbital Command  
  19  1:29  Barracks Reactor  
  19  1:45  Command Center  
  19  1:55  SCV  
  19  1:56  Supply Depot  
  20  2:08  Marine  
  21  2:10  Factory  
  21  2:11  SCV  
  21  2:13  Marine  
  23  2:20  Refinery  
  23  2:23  SCV  
  24  2:30  Marine  
  24  2:35  SCV  
  25  2:38  Marine  
  26  2:47  SCV  
  26  2:48  Marine  
  27  2:54  Starport  
  27  2:55  Marine  
  28  2:59  SCV  
  28  3:03  Factory Tech Lab  
  29  3:06  Marine  
  30  3:13  Marine  
  30  3:15  Orbital Command  
  30  3:16  SCV  
  32  3:24  Marine  
  32  3:26  Siege Tank  
  36  3:31  Marine  
  36  3:32  Starport Tech Lab  
  37  3:34  SCV  
  37  3:40  SCV  
  39  3:44  Marine  
  39  3:46  SCV  
  41  3:50  Supply Depot  
  41  3:52  SCV  
  42  3:55  Raven  
  42  3:59  Refinery, SCV  
  45  4:04  SCV  
  45  4:09  Marine  
  46  4:11  Marine  
  46  4:12  SCV  
  47  4:24  Siege Tank  
  47  4:26  Command Center, Marine  
  47  4:30  SCV x2  
  53  4:42  SCV  
  53  4:44  Supply Depot  
  54  4:45  Refinery  
  54  4:51  Raven, SCV  
  57  4:54  SCV  
  57  4:57  Supply Depot  
  58  5:04  SCV  
  58  5:06  SCV  
  57  5:16  SCV, Marine x2  
  57  5:17  Siege Tank  
  59  5:26  SCV  
  62  5:36  Barracks  
  62  5:37  Barracks  
  62  5:38  Orbital Command  
  62  5:42  Supply Depot  
  60  5:49  Viking  
  62  5:52  Stimpack  
  62  5:53  Viking  
  62  5:55  SCV x2  
  66  6:04  Marine  
  67  6:05  Siege Tank  
  67  6:07  SCV x2  
  67  6:09  Supply Depot  
  72  6:19  Viking  
  72  6:21  Marine  
  72  6:23  Viking  
  78  6:27  Barracks Reactor, Orbital Command  
  78  6:29  Barracks Reactor  
  78  6:31  Supply Depot  
  77  6:39  Marine  
  78  6:42  Siege Tank  
  78  6:47  Engineering Bay  
  81  6:49  Viking  
  81  6:50  Engineering Bay  
  83  6:55  Medivac  
  83  6:57  SCV, Marine  
  87  7:02  SCV x2  
  87  7:04  Marine  
  87  7:07  Supply Depot  
  87  7:08  Supply Depot  
  90  7:15  Factory, Marine, Barracks  
  91  7:16  SCV  
  91  7:18  SCV  
  93  7:24  Marine  
  93  7:25  Siege Tank, Marine  
  93  7:27  SCV  
  93  7:28  SCV  
  100  7:30  Terran Infantry Weapons Level 1  
  100  7:31  Terran Infantry Armor Level 1  
  100  7:36  SCV  
  101  7:39  SCV  
  101  7:40  SCV  
  103  7:45  Supply Depot  
  103  7:47  Marine x2, Supply Depot  
  103  7:48  SCV, Medivac  
  108  7:51  SCV  
  108  7:52  Combat Shield  
  108  7:53  SCV  
  108  7:58  Marine x3  
  111  7:59  Siege Tank, Medivac  
  111  8:00  SCV  
  111  8:01  Factory Tech Lab  
  111  8:03  SCV  
  111  8:05  Marine  
  119  8:09  SCV  
  118  8:13  Refinery  
  118  8:14  Refinery  
  118  8:19  Marine x2  
  119  8:20  Siege Tank, Marine x2  
  125  8:30  SCV x2  
  127  8:39  Marine x4  
  127  8:40  Barracks Reactor  
  127  8:41  Siege Tank, Medivac  
  131  8:45  Armory  
  131  8:48  Command Center  
  133  8:50  Marine  
  133  8:53  Siege Tank  
  137  8:57  Marine x2  
  137  8:58  SCV  
  137  9:01  Missile Turret  
  140  9:04  Sensor Tower  
  98  9:24  Marine x3  
  98  9:25  Marine  
  98  9:26  Marine x3  
  98  9:27  Siege Tank x2, Medivac x2  
  113  9:42  Marine x3  
  113  9:43  Marine, Terran Infantry Weapons Level 2  
  113  9:44  Terran Infantry Armor Level 2, Marine x3  
  120  9:55  Sensor Tower  
  120  9:57  SCV  
  120  9:58  SCV x2  
  123  10:00  Missile Turret, Marine x3  
  123  10:01  Planetary Fortress, Marine x4  
  130  10:09  SCV  
  130  10:10  Refinery, SCV x2  
  130  10:13  Refinery  
  133  10:17  Marine  
  134  10:21  SCV  
  134  10:22  SCV  
  134  10:28  Marine  
  129  10:29  SCV  
  129  10:32  Marine  
  129  10:33  SCV, Marine x4  
  129  10:34  SCV  
  129  10:35  Marine  
  121  10:39  SCV  
  121  10:41  SCV  
  124  10:45  SCV  
  124  10:46  SCV, Marine  
  127  10:50  Marine  
  127  10:51  Missile Turret, SCV, Marine x4  
  127  10:53  SCV, Marine  
  127  10:56  Siege Tank  
  127  10:57  SCV, Medivac  
  140  10:58  SCV  
  140  11:03  SCV  
  140  11:04  Marine  
  144  11:05  SCV, Starport  
  144  11:07  Starport  
  144  11:08  Marine  
  144  11:09  SCV  
  144  11:10  Missile Turret, SCV  
  126  11:27  Marine x3  
  126  11:28  Marine x2  
  126  11:29  Missile Turret  
  126  11:31  Marine x2  
  123  11:38  Siege Tank x2  
  126  11:45  Marine x4  
  130  11:53  Viking x3  
  120  12:02  Marine x2  
  120  12:03  Marine x4  
  120  12:04  Viking  
  127  12:10  Siege Tank x2  
  127  12:11  Missile Turret  
  127  12:12  Marine  
  132  12:22  Marine  
  132  12:23  Viking x3, Marine x2  
  137  12:34  Viking  
  137  12:42  Siege Tank  
  140  12:49  Supply Depot  
  140  12:50  Supply Depot  
  140  12:52  Supply Depot  
  140  12:53  Liberator  
  140  12:54  SCV, Liberator  
  140  12:55  Liberator  
  140  12:59  SCV x2  
  140  13:08  SCV  
  140  13:11  Viking  
  122  13:36  Marine x2  
  122  13:37  Marine x4  
Show
View Real Time Build Order
Export as new Build Order

Mez Terran - Winner!

Build Orders:  

Get SALT Encoding   

  12  0:01  SCV  
  13  0:13  SCV  
  14  0:18  Supply Depot  
  14  0:25  SCV  
  15  0:39  SCV  
  15  0:41  Barracks  
  16  0:45  Refinery  
  16  0:51  SCV  
  17  1:00  Refinery  
  17  1:03  SCV  
  18  1:16  SCV  
  19  1:29  Reaper, Orbital Command  
  20  1:36  Supply Depot  
  20  1:46  Factory  
  20  1:55  SCV  
  21  2:01  Reaper  
  21  2:07  SCV  
  23  2:19  SCV  
  23  2:22  Command Center  
  24  2:35  SCV  
  24  2:36  Factory Tech Lab  
  25  2:40  Supply Depot  
  25  2:44  Starport  
  25  2:51  SCV  
  26  3:03  Cyclone, SCV  
  26  3:04  Barracks Reactor  
  30  3:09  Supply Depot  
  30  3:16  SCV  
  31  3:26  Starport Tech Lab  
  31  3:28  SCV  
  32  3:35  Orbital Command  
  32  3:37  Refinery  
  32  3:38  Siege Tank  
  35  3:42  SCV  
  35  3:46  Marine x2  
  38  3:50  Viking  
  38  3:54  SCV  
  41  4:13  Siege Tank  
  41  4:14  SCV x2, Marine x2  
  48  4:26  SCV  
  48  4:27  SCV  
  50  4:31  Marine  
  50  4:32  Marine  
  50  4:33  Raven  
  50  4:37  Supply Depot  
  54  4:38  SCV  
  54  4:39  SCV  
  56  4:47  Command Center  
  56  4:52  SCV x2  
  58  5:00  Supply Depot  
  58  5:07  SCV x2  
  53  5:17  Marine x2  
  52  5:21  Raven  
  52  5:22  Siege Tank  
  52  5:26  SCV x2  
  59  5:30  Barracks x2, Supply Depot  
  59  5:35  Engineering Bay x2  
  59  5:38  SCV x2  
  59  5:42  Refinery  
  61  5:45  Marine x2  
  63  5:50  SCV x2  
  63  5:56  Supply Depot  
  65  6:00  Orbital Command  
  65  6:02  SCV x2  
  65  6:03  Terran Infantry Weapons Level 1  
  67  6:05  Siege Tank  
  67  6:07  Raven  
  72  6:14  SCV  
  73  6:24  SCV, Orbital Command  
  74  6:26  SCV  
  74  6:32  Barracks Reactor x2  
  75  6:35  Barracks  
  75  6:36  SCV, Terran Infantry Armor Level 1, Barracks  
  76  6:42  SCV  
  76  6:45  Supply Depot  
  76  6:46  Supply Depot  
  77  6:48  SCV  
  77  6:50  SCV  
  79  6:55  SCV  
  80  7:01  Siege Tank  
  83  7:15  SCV x2  
  85  7:17  SCV  
  85  7:20  Marine x4  
  85  7:21  Refinery, Marine  
  91  7:26  Stimpack, Barracks Reactor  
  91  7:27  Barracks Reactor, SCV x2  
  91  7:29  SCV  
  94  7:30  Viking x2  
  94  7:33  Siege Tank  
  94  7:36  Refinery  
  100  7:38  Marine x4  
  100  7:39  SCV x2  
  100  7:42  SCV  
  100  7:43  Marine  
  108  7:51  SCV x2  
  108  7:52  Supply Depot x2  
  108  7:54  SCV  
  108  7:56  Armory, Marine x4  
  114  7:58  Factory  
  114  8:00  Viking, Marine  
  114  8:03  SCV x2  
  118  8:06  SCV  
  118  8:10  Viking  
  118  8:12  Marine x4  
  123  8:14  Marine x3  
  123  8:15  SCV  
  123  8:16  SCV  
  123  8:18  SCV  
  131  8:26  Marine x2  
  133  8:28  SCV  
  133  8:30  Viking, Marine x4  
  137  8:38  Marine  
  137  8:39  Marine x2  
  140  8:44  Marine  
  140  8:46  Supply Depot x2  
  140  8:47  Supply Depot, Factory Tech Lab  
  141  9:01  Marine  
  141  9:02  Command Center  
  141  9:07  Viking, Siege Tank, Marine x7  
  141  9:08  Medivac  
  143  9:26  Combat Shield, Marine x7  
  143  9:27  Marine x2  
  143  9:30  SCV  
  143  9:31  SCV x2  
  155  9:35  Siege Tank  
  155  9:37  Medivac  
  155  9:38  Medivac  
  162  9:44  Marine x3  
  162  9:45  Supply Depot x2  
  165  9:46  Supply Depot  
  165  9:47  Marine x3  
  165  9:52  Marine x3  
  171  10:02  Marine x3  
  171  10:05  Marine x3  
  171  10:06  Siege Tank  
  180  10:07  Medivac x2  
  180  10:09  Marine  
  185  10:14  Terran Infantry Weapons Level 2  
  185  10:15  Terran Infantry Armor Level 2  
  185  10:17  Barracks x3  
  177  10:37  Medivac  
  177  10:38  Marine x9  
  177  10:39  Siege Tank x2  
  192  10:44  Medivac  
  192  10:49  Command Center  
  194  10:55  Marine  
  194  10:56  Marine  
  196  10:58  Refinery  
  196  11:01  Marine x4, Terran Vehicle Weapons Level 1  
  200  11:06  Refinery  
  200  11:13  Barracks Reactor  
  163  11:33  Marine  
  163  11:34  Marine  
  163  11:35  Marine x9  
  161  11:51  Marine  
  161  11:52  Siege Tank x2, Marine  
  161  11:53  Marine x7  
  172  12:14  Marine x6  
  178  12:20  Marine x4  
  180  12:29  Siege Tank x2  
  179  12:30  Medivac x2  
  181  12:39  Planetary Fortress  
  181  12:42  Command Center, Orbital Command  
  179  12:44  Marine  
  179  12:45  Command Center, Marine x6, Barracks Tech Lab  
  179  12:47  Barracks Reactor  
  185  13:00  Medivac x2  
  185  13:01  Siege Tank  
Tags
 
Add a new tag
Caveats
  • Supply blocks, unpowered buildings, or Contaminate may cause inaccurate times.
  • Supply counts are checked every 10 seconds.